 Dungeon Crawl Stone Soup version 0.27.0-1-g7a089689b8 (webtiles) character file.

Game seed: 12479848916230511412

5368 mainiacjoe the Cruncher (level 10, -3/102 HPs)
             Began as a Minotaur Gladiator on Aug 7, 2021.
             Was a Plaything of Xom.
             Slain by Erolcha (12 damage)
             ... on level 9 of the Dungeon.
             The game lasted 00:23:54 (11491 turns).

mainiacjoe the Cruncher (Minotaur Gladiator)       Turns: 11491, Time: 00:23:55

Health: -3/102     AC: 10    Str: 21    XL:     10   Next: 39%
Magic:  9/9        EV: 14    Int:  7    God:    Xom [*.....]
Gold:   458        SH:  0    Dex: 15    Spells: 9/9 levels left

rFire    . . .     SeeInvis .   a - +3 dire flail
rCold    . . .     Faith    .   (shield currently unavailable)
rNeg     . . .     Spirit   .   L - +0 steam dragon scales
rPois    .         Reflect  .   (helmet unavailable)
rElec    .         Harm     .   l - +0 cloak
rCorr    .         Rampage  .   (no gloves)
Will     .....                  V - +0 pair of boots
Stlth    +.........             (no amulet)
HPRegen  0.27/turn              (no ring)
MPRegen  0.11/turn              (no ring)

@: on berserk cooldown, slowed, very slow
A: horns 3, retaliatory headbutt, iridescent scales 1, agile 1, clever 1,
mutation resistance 1, robust 1, MP-powered wands
a: Renounce Religion


You were on level 9 of the Dungeon.
You worshipped Xom.
You were a special plaything of Xom.
You visited 1 branch of the dungeon, and saw 9 of its levels.
You also visited: Ossuary.

You collected 496 gold pieces.
You spent 38 gold pieces at shops.

Inventory:

Hand Weapons
 a - a +3 dire flail (weapon)
 b - a +0 shortbow
 i - a +0 hunting sling
 p - a +0 morningstar
 x - a +0 flail of holy wrath
 C - a +2 flail of venom
 P - a +2 quarterstaff
Missiles
 d - 3 throwing nets {=F}
 h - 176 arrows
 n - 221 stones
 o - 19 sling bullets
 w - 5 boomerangs
 A - 51 bolts
 E - 6 javelins
 I - 83 poisoned darts (quivered)
Armour
 c - a +0 hat
 l - a +0 cloak (worn)
 q - a +0 plate armour
 r - a +1 leather armour of fire resistance
 s - a +0 leather armour
 K - a +1 pair of boots of stealth
 L - +0 steam dragon scales (worn)
 R - a +1 leather armour of cold resistance
 V - a +0 pair of boots (worn)
Wands
 y - a wand of flame (17)
Scrolls
 e - a scroll of holy word {unknown}
 f - 2 scrolls of magic mapping
 k - a scroll of immolation {unknown}
 t - 3 scrolls of teleportation
 z - a scroll of blinking
 D - a scroll of fear
 F - a scroll of enchant armour {unknown}
 H - a scroll of vulnerability {unknown}
 M - a scroll of brand weapon {unknown}
 N - a scroll of silence {unknown}
 Q - 2 scrolls of fog {unknown}
 S - a scroll of torment {unknown}
 T - a scroll of amnesia {unknown}
Potions
 j - 3 potions of lignification
 m - 4 potions of curing
 u - 3 potions of brilliance
 v - a potion of haste
 B - a potion of ambrosia
 G - a potion of attraction
 J - a potion of resistance
 O - a potion of berserk rage
 U - 2 potions of mutation {unknown}


   Skills:
 - Level 10.0 Fighting
 + Level 2.9(9.8) Maces & Flails
 - Level 14.0(14.1) Staves
 - Level 2.0 Throwing
 + Level 4.5 Armour
 - Level 5.0 Dodging


You had 9 spell levels left.
You didn't know any spells.
Your spell library contained the following spells:

 Spells                   Type           Power      Damage    Failure   Level
 Magic Dart               Conj           0%         1d3       43%         1
 Call Imp                 Summ           0%         N/A       56%         2
 Searing Ray              Conj           0%         3d3       56%         2
 Gell's Gravitas          Tloc           0%         N/A       80%         3
 Lesser Beckoning         Tloc           0%         N/A       80%         3
 Mephitic Cloud           Conj/Pois/Air  0%         N/A       80%         3
 Teleport Other           Tloc           0%         N/A       80%         3
 Fulminant Prism          Conj/Hex       0%         3d6       99%         4


Dungeon Overview and Level Annotations

Branches:
Dungeon (9/15)             Temple (0/1) D:7         Ossuary (visited)
   Lair: D:8-11         Orc: D:9-12

Altars:
Elyvilon
Fedhas
Makhleb
Ru
Xom
Yredelemnul

Shops:
D:4 *   D:6 *

Annotations:
D:9 Erolcha


Innate Abilities, Weirdness & Mutations

You have a pair of large horns on your head.
You reflexively headbutt those who attack you in melee.
You are partially covered in iridescent scales. (AC +2)
You are agile. (Dex +2)
Your mind is acute. (Int +2)
You are somewhat resistant to further mutation.
You are robust. (+10% HP)
You expend magic power (3 MP) to strengthen your wands.


Message History

You hear a zap.
Something tries to affect you, but you resist.
You hear a zap.
Your will is overpowered!
You are more confused.
The now-empty wand crumbles to dust.
Something barely misses you.
You completely miss the plant. You headbutt the plant!!
The plant is moderately damaged.
A nearby plant withers and dies.
Something hits you!!
* * * LOW HITPOINT WARNING * * *
You hear some strange, mumbled words.
Something tries to affect you, but you resist.
You are now a special plaything of Xom.
You feel better. Something hits you!
* * * LOW HITPOINT WARNING * * *
There is an open door here.
You feel much better.
You hear some strange, mumbled words.
You hear some strange, mumbled words.
A fireball appears from out of thin air!
The fireball explodes!
The fireball engulfs you!
* * * LOW HITPOINT WARNING * * *
The tree burns like a torch!
The fireball engulfs the plant!!!
The plant begins to die.
As you close the door, it creaks loudly!
The forest fire spreads!
A red film seems to cover your vision as you go berserk!
You feel yourself moving faster!
You feel mighty!
The door flies open with a bang!
You feel a strong urge to attack something.
You hear some strange, mumbled words.
There is an open door here.
You feel your anger nearly subside.
You are no longer berserk.
You are exhausted.
You feel yourself slow down.
A nearby plant withers and dies.
You closely miss something. You headbutt something. Something hits you!!
* * * LOW HITPOINT WARNING * * *
You sock something! You headbutt something. Something hits you!
You die...

### ###########.#
♣♣♣≈≈≈#.....#.#
♣♣...≈≈#.....'.#
...♣♣....(≈#....[###
..(P.....♣♣###'###
.......(.♣§##...#
......(..§§###'###
..♣♣♣P(..§§#.....# .
♣♣♣♣...'.@{..#
♣...#.....#
###########


There were no monsters in sight!

Vanquished Creatures
  Maggie (D:7)
  Grinder (D:3)
  Prince Ribbit (D:7)
  Sigmund (D:5)
  Eustachio (D:3)
  Menkaure (D:5)
  Edmund (D:5)
  Duvessa (D:5)
  4 water moccasins
  2 sky beasts (D:7)
  A black bear (D:4)
  An ice beast (D:5)
  3 necrophages
  4 ogres
  3 centaurs
  2 kobold brigands
  Blork the orc (D:4)
  An elf zombie (Ossuary)
  A bullfrog (D:4)
  6 scorpions
  Dowan (D:5)
  9 killer bees
  8 wights (D:8)
  2 electric eels (D:4)
  A bullfrog zombie (D:7)
  2 centaur zombies
  A bullfrog skeleton (D:6)
  4 hounds
  An orc priest (D:4)
  A centaur skeleton (D:7)
  A gnoll shaman (D:7)
  2 human zombies (Ossuary)
  3 iguanas
  Natasha (thrice) (D:4)
  An orc wizard (D:4)
  A hound zombie (Ossuary)
  5 mummies
  Robin (D:4)
  A howler monkey zombie (D:6)
  3 gnolls (D:7)
  10 adders
  A shadow imp (D:5)
  An ufetubus (D:6)
  An adder zombie (Ossuary)
  3 worms
  3 dart slugs
  9 orcs
  15 bats
  6 endoplasms
  3 giant cockroaches (D:2)
  3 gnoll zombies (Ossuary)
  18 goblins
  10 hobgoblins
  9 jackals
  13 kobolds
  A quokka (D:1)
  9 ball pythons
  A frilled lizard (D:1)
  2 hobgoblin zombies (Ossuary)
  A jackal zombie (Ossuary)
  3 rats
  A rat zombie (Ossuary)
  A spectral orc (D:4)
212 creatures vanquished.

Vanquished Creatures (others)
  16 fungi (D:5)
  4 plants
20 creatures vanquished.

Grand Total: 232 creatures vanquished

Notes
Turn   | Place    | Note
-------+----------+-------------------------------------------
     0 | D:1      | mainiacjoe the Minotaur Gladiator began the quest for the
                  | Orb.
     0 | D:1      | Reached XP level 1. HP: 18/18 MP: 0/0
    25 | D:1      | Reached skill level 4 in Staves
   132 | D:1      | Reached XP level 2. HP: 25/25 MP: 1/1
   557 | D:1      | Reached XP level 3. HP: 31/31 MP: 2/2
   655 | D:1      | Found a faded altar of an unknown god.
  1105 | D:1      | Became a worshipper of Xom of Chaos
  1275 | D:2      | XOM: divination: magic mapping
  1310 | D:2      | Reached skill level 5 in Staves
  1424 | D:2      | Reached XP level 4. HP: 38/38 MP: 3/3
  1653 | D:2      | Found a sacrificial altar of Ru.
  2071 | D:2      | XOM: god gift: 16 stones
  2241 | D:3      | Reached skill level 6 in Staves
  2294 | D:3      | Reached XP level 5. HP: 46/46 MP: 4/4
  2367 | D:3      | XOM: divination: detect creatures
  2541 | D:3      | XOM: divination: detect creatures
  2591 | D:3      | Noticed Grinder
  2593 | D:3      | XOM: silly message
  2594 | D:3      | Paralysed by Grinder for 4 turns
  2612 | D:3      | XOM: confuse monster(s)
  2613 | D:3      | XOM: silly message
  2615 | D:3      | Killed Grinder
  2616 | D:3      | Reached skill level 5 in Fighting
  2616 | D:3      | Reached skill level 7 in Staves
  2616 | D:3      | Reached XP level 6. HP: 35/56 MP: 5/5
  3056 | D:4      | Noticed Natasha
  3061 | D:4      | Killed Natasha
  3098 | D:4      | XOM: 2-stop teleportation journey
  3130 | D:4      | Reached skill level 8 in Staves
  3276 | D:4      | XOM is BORED!
  3276 | D:4      | XOM: 2-stop teleportation journey
  3373 | D:4      | Noticed Robin
  3406 | D:4      | Reached XP level 7. HP: 61/61 MP: 6/6
  3461 | D:4      | Killed Robin
  3496 | D:4      | Noticed Blork the orc
  3509 | D:4      | Killed Blork the orc
  3760 | D:4      | Noticed Eustachio
  3771 | D:4      | XOM: confusion (+ monsters)
  3999 | D:3      | Killed Eustachio
  4000 | D:3      | Reached skill level 9 in Staves
  4094 | D:4      | XOM: chaos upgrade
  4121 | D:4      | XOM: give mutations
  4121 | D:4      | Gained mutation: You are dopey. (Int -2) [Xom's mischief]
  4121 | D:4      | Gained mutation: You have a pair of large horns on your
                  | head. [Xom's mischief]
  4121 | D:4      | Lost mutation: You are dopey. (Int -2) [Xom's mischief]
  4121 | D:4      | Gained mutation: You are somewhat resistant to further
                  | mutation. [Xom's mischief]
  4186 | D:4      | Found a transporter.
  4287 | D:4      | Found a transporter.
  4317 | D:4      | Noticed Natasha
  4333 | D:4      | Killed Natasha
  4621 | D:4      | Found Qigedaop's General Store.
  4650 | D:4      | XOM: noise
  4683 | D:4      | Found a burning altar of Makhleb.
  4690 | D:4      | Reached XP level 8. HP: 71/71 MP: 7/7
  4887 | D:4      | XOM: 1-stop teleportation journey
  4891 | D:4      | Noticed Natasha
  4899 | D:4      | Killed Natasha
  4977 | D:4      | Reached skill level 10 in Staves
  5233 | D:4      | Found a basalt altar of Yredelemnul.
  5315 | D:4      | XOM: silly message
  5340 | D:5      | Entered Level 5 of the Dungeon
  5536 | D:5      | Noticed Duvessa
  5537 | D:5      | Noticed Dowan
  5549 | D:5      | Killed Duvessa
  5552 | D:5      | XOM: enchant monster (bad)
  5556 | D:5      | Killed Dowan
  5653 | D:5      | XOM: god gift: 15 gold pieces
  5722 | D:5      | Noticed Sigmund
  5736 | D:5      | Killed Sigmund
  5737 | D:5      | Reached skill level 11 in Staves
  5869 | D:5      | Noticed Edmund
  5876 | D:5      | Killed Edmund
  5956 | D:5      | Noticed Menkaure
  5961 | D:5      | Killed Menkaure
  5972 | D:5      | Reached XP level 9. HP: 36/82 MP: 8/8
  5976 | D:5      | XOM: enchant monster (bad)
  5983 | D:5      | Reached skill level 12 in Staves
  5985 | D:5      | XOM: divination: magic mapping
  6243 | D:5      | XOM: silly message
  6264 | D:5      | XOM: noise
  6541 | D:5      | Found the +7 Singing Sword {vorpal, sonic wave}
  6625 | D:5      | XOM: noise
  6931 | D:6      | XOM: silly message
  6991 | D:6      | Found Ikuhiska's General Store.
  6998 | D:6      | Bought a scroll of magic mapping for 38 gold pieces
  7793 | D:6      | Found a blossoming altar of Fedhas.
  7839 | D:7      | Noticed Prince Ribbit
  7846 | D:7      | Killed Prince Ribbit
  7861 | D:7      | Reached skill level 13 in Staves
  8103 | D:7      | XOM: silly message
  8160 | D:7      | XOM: god gift: plate armour {god gift}
  8285 | D:7      | XOM: divination: detect creatures
  8640 | D:7      | XOM is BORED!
  8657 | D:7      | Reached skill level 10 in Fighting
  8665 | D:7      | XOM: cast spell 'Alistair's Intoxication'
  8959 | D:7      | XOM: confuse monster(s)
  9014 | D:7      | XOM: swap monsters
  9180 | D:7      | Noticed Maggie
  9195 | D:7      | Killed Maggie
  9196 | D:7      | Reached skill level 14 in Staves
  9196 | D:7      | Reached skill level 1 in Armour
  9196 | D:7      | Reached XP level 10. HP: 48/93 MP: 9/9
  9548 | D:7      | Found a staircase to the Ecumenical Temple.
  9584 | D:7      | XOM: give mutation
  9584 | D:7      | Gained mutation: You expend magic power (3 MP) to
                  | strengthen your wands. [Xom's grace]
  9605 | D:7      | XOM: god gift: scroll labelled GEANOZ PEQIT {god gift}
 10001 | D:8      | XOM: confuse monster(s)
 10150 | D:8      | Reached skill level 1 in Maces & Flails
 10168 | D:8      | Found a white marble altar of Elyvilon.
 10241 | D:8      | Reached skill level 5 in Dodging
 10281 | D:8      | Found a sand-covered staircase.
 10452 | Ossuary  | Entered an ossuary
 10780 | Ossuary  | XOM: give mutations
 10780 | Ossuary  | Gained mutation: You are robust. (+10% HP) [Xom's grace]
 10780 | Ossuary  | Gained mutation: You are partially covered in iridescent
                  | scales. (AC +2) [Xom's grace]
 10780 | Ossuary  | Gained mutation: Your mind is acute. (Int +2) [Xom's grace]
 10780 | Ossuary  | Gained mutation: You are agile. (Dex +2) [Xom's grace]
 11446 | D:9      | Noticed Erolcha
 11451 | D:9      | XOM: swap monsters
 11491 | D:9      | Slain by Erolcha

Illustrated notes

Levels and vault maps discovered:
D:1:      heliophobic_arrival_ceremonial_halls, layout_basic,
          shapermc_ecumenical_altar_venn, hangedman_decor_peaks_small
D:2:      layout_basic, basic_altar
D:3:      layout_loops_ring, uniq_grinder
D:4:      gammafunk_steamed_eel, layout_layer_cave,
          yredelemnul_forgotten_temple_becter, makhleb_heckhound_becter,
          serial_shops, shop, uniq_robin, uniq_eustachio, uniq_natasha,
          uniq_blork_the_orc
D:5:      old_forge, layout_basic, dk_vineyard_1, sigmund_edmund_badplayer,
          uniq_menkaure, uniq_duvessa
D:6:      layout_loops_corners, fedhas_altar_4, serial_shops,
          nicolae_stop_n_shop_2, glass_columns_c
D:7:      layout_basic, temple_hall, uniq_prince_ribbit1, uniq_maggie
D:8:      layout_loops_ring, elyvilon_altar_5, gup_ossuary_entry_pyramid,
          eino_jars
D:9:      layout_long_grid, nemelex_spade_bored_becter,
          grunt_temple_overflow_diamond, lemuel_blue_sif_altar,
          nicolae_zen_rock_garden, nzn_random_ring, uniq_erolcha, uniq_psyche

Skill      XL: |  1  2  3  4  5  6  7  8  9 10 |
---------------+-------------------------------+-----
Staves         | 4 5 6 7 8 9 11 14 | 14.0
Fighting       | 3 4 5 6 8 10 | 10.0
Armour         | 1 4 |  4.5
Dodging        | 5 |  5.0
Maces & Flails | 2 |  2.9
Throwing       | |  2.0

Action                   |  1- 3 |  4- 6 |  7- 9 | 10-12 || total
-------------------------+-------+-------+-------+-------++-------
Melee: Quarterstaff      |    66 |    46 |   213 |    35 ||   360
       Headbutt          |    11 |     7 |    41 |    21 ||    80
       Dire flail        |       |       |       |    75 ||    75
 Fire: Hunting sling     |       |    64 |    64 |       ||   128
       Shortbow          |       |       |    75 |    43 ||   118
Throw: Stone             |    41 |    50 |    40 |       ||   131
       Dart              |       |       |       |    17 ||    17
Evoke: Wand              |       |       |    11 |     2 ||    13
  Use: Scroll            |       |       |    13 |     3 ||    16
       Potion            |       |       |     4 |     3 ||     7
 Stab: Held in net/web   |       |       |     2 |       ||     2
       Confused          |       |       |       |     1 ||     1
       Sleeping          |       |       |       |     1 ||     1
Armor: Leather armour    |    16 |    10 |    39 |       ||    65
       Steam dragon scal |       |       |       |    24 ||    24
Dodge: Dodged            |    49 |    22 |   111 |    84 ||   266
